 Dungeon Crawl Stone Soup version 0.21.1-1-g345015f (webtiles) character file.

317 goulibeur the Distorting Demonspawn (level 6, -10/48 HPs)
             Began as a Demonspawn Abyssal Knight on June 17, 2018.
             Was a Believer of Lugonu.
             Mangled by a crocodile (11 damage)
             ... in a sewer.
             The game lasted 00:11:24 (3312 turns).

goulibeur the Distorting Demonspawn (DsAK)          Turns: 3312, Time: 00:11:25

Health: -10/48     AC: 15    Str: 13    XL:     6   Next: 20%
Magic:  9/10       EV:  6    Int: 13    God:    Lugonu [**....]
Gold:   204        SH:  0    Dex: 14    Spells: 5/5 levels left

rFire    + . .     SeeInvis .   j - +1 war axe (elec)
rCold    . . .     Gourm    .   (no shield)
rNeg     . . .     Faith    .   v - +0 chain mail
rPois    .         Spirit   .   p - +0 helmet
rElec    .         Reflect  .   (no cloak)
rCorr    .         Harm     .   h - +0 pair of gloves
MR       .....                  i - +0 pair of boots
Stlth    ..........             (no amulet)
HPRegen  0.16/turn              (no ring)
MPRegen  0.12/turn              (no ring)

@: no status effects
A: icy blue scales 2, fire resistance 1
a: Depart the Abyss, Bend Space, Renounce Religion


You were in a sewer.
You worshipped Lugonu.
Lugonu was pleased with you.
You were not hungry.

You visited 1 branch of the dungeon, and saw 4 of its levels.
You visited the Abyss 1 time.
You also visited: Sewer.

You collected 204 gold pieces.

Inventory:

Hand Weapons
 a - a +1 short sword
 f - a +2 short sword of venom
 j - a +1 war axe of electrocution (weapon)
Armour
 b - a +0 leather armour
 h - a +0 pair of gloves (worn)
 i - a +0 pair of boots (worn)
 o - a +0 scale mail
 p - a +0 helmet (worn)
 v - a +0 chain mail (worn)
Jewellery
 t - an uncursed amulet of faith {unknown}
Scrolls
 d - 2 scrolls of fear
 e - a scroll of teleportation
 g - a scroll of remove curse
 m - 3 scrolls of identify
Potions
 k - a potion of heal wounds {unknown}
 l - a potion of flight {unknown}
 n - 2 potions of invisibility {unknown}
 r - a potion of agility {unknown}
 s - a potion of curing {unknown}
 u - 2 potions of brilliance
Comestibles
 c - 6 rations
 q - 5 chunks of flesh


   Skills:
 + Level 4.1 Fighting
 - Level 1.7 Short Blades
 + Level 3.0 Armour
 + Level 2.5 Dodging
 * Level 5.7 Invocations


You had 5 spell levels left.
You didn't know any spells.

Dungeon Overview and Level Annotations

Branches:
Dungeon (4/15)
 Temple: D:4-7

Altars:
Ashenzari
Makhleb
Yredelemnul

Annotations:
D:3 Darkadept's ghost, amateur GnWn


Innate Abilities, Weirdness & Mutations

You are mostly covered in icy blue scales. (AC +3)
Your flesh is heat resistant. (rF+)


Message History

The crocodile is heavily wounded.
The crocodile bites you but does no damage.
Okay, then.
You hit the crocodile but do no damage.
The crocodile is heavily wounded.
The crocodile bites you but does no damage. x2
You hit the crocodile.
The crocodile is heavily wounded.
The crocodile barely misses you.
You barely miss the crocodile.
The crocodile is heavily wounded.
The crocodile bites you but does no damage.
The crocodile bites you!
* * * LOW HITPOINT WARNING * * *
You closely miss the crocodile.
The crocodile is heavily wounded.
The crocodile barely misses you.
Okay, then.
Space bends around you!
You blink.
The crocodile bites you!
You die...

######## #
###.≈..≈.### #
###.≈≈..≈§≈t@### #
###..≈..####....≈#
###....≈###
###≈≈≈.≈#
.≈≈...≈##
##≈..≈..#
###.≈...# ..≈.###
# ###.≈≈.≈# .≈##.?
# ###.≈... ### ?(#
# ##.≈. ## ###


You could see a crocodile.

Vanquished Creatures
  An ice beast (D:2)
  A jelly (D:3)
  2 orc wizards (D:3)
  3 gnolls (D:2)
  5 adders
  A worm (D:3)
  A dart slug (D:1)
  A leopard gecko (D:2)
  3 orcs (D:3)
  A bat (D:1)
  4 giant cockroaches
  5 hobgoblins
  5 jackals
  A quokka (D:2)
  3 ball pythons
  2 frilled lizards (D:2)
  5 goblins
  11 kobolds
  5 rats
60 creatures vanquished.

Notes
Turn   | Place    | Note
-------+----------+-------------------------------------------
     0 | Abyss:1  | goulibeur the Demonspawn Abyssal Knight began the quest for the Orb.
     0 | Abyss:1  | Reached XP level 1. HP: 18/18 MP: 2/2
    29 | Abyss:1  | Noticed a blink frog
    29 | Abyss:1  | Noticed a blink frog
    30 | Abyss:1  | Noticed a blink frog
    33 | D:1      | Escaped the Abyss
   111 | D:1      | Reached skill level 1 in Dodging
   246 | D:1      | Reached * piety under Lugonu
   293 | D:1      | Reached skill level 3 in Invocations
   293 | D:1      | Gained mutation: Your flesh is heat resistant. (rF+) [demonic ancestry]
   293 | D:1      | Reached XP level 2. HP: 24/24 MP: 2/4
   990 | D:2      | Gained mutation: You are partially covered in icy blue scales. (AC +2) [demonic ancestry]
   990 | D:2      | Reached XP level 3. HP: 16/29 MP: 5/5
  1674 | D:2      | Noticed an ice beast
  1684 | D:2      | Killed an ice beast
  1684 | D:2      | Reached skill level 4 in Invocations
  1684 | D:2      | Reached XP level 4. HP: 7/37 MP: 5/7
  1684 | D:2      | Reached XP level 5. HP: 8/42 MP: 5/8
  2025 | D:2      | Found a shattered altar of Ashenzari.
  2206 | D:2      | Reached skill level 5 in Invocations
  2250 | D:2      | Found a basalt altar of Yredelemnul.
  2557 | D:3      | Noticed Darkadept's ghost (amateur GnWn)
  3018 | D:3      | Gained mutation: You are mostly covered in icy blue scales. (AC +3) [demonic ancestry]
  3018 | D:3      | Reached XP level 6. HP: 46/48 MP: 8/10
  3151 | D:3      | Reached ** piety under Lugonu
  3168 | D:3      | Found a burning altar of Makhleb.
  3188 | D:4      | Found a glowing drain.
  3233 | Sewer    | Entered a sewer
  3309 | Sewer    | HP: 2/48 [crocodile (8)]
  3312 | Sewer    | Mangled by a crocodile

Skill      XL: |  1  2  3  4  5 |
---------------+----------------+-----
Dodging        | 1 2 |  2.5
Invocations    | 3 4 5 |  5.7
Armour         | 2 3 |  3.0
Fighting       | 4 |  4.1
Short Blades   | |  1.7

Action                   |  1- 3 |  4- 6 || total
-------------------------+-------+-------++-------
Melee: Short sword       |   122 |    96 ||   218
       War axe           |       |    31 ||    31
Invok: Depart the Abyss  |     1 |       ||     1
       Bend Space        |       |     1 ||     1
  Use: Scroll            |       |     8 ||     8
  Eat: Chunk             |     2 |     6 ||     8
Armor: Leather armour    |    35 |       ||    35
       Chain mail        |       |    67 ||    67
       Scale mail        |       |    21 ||    21
Dodge: Dodged            |    67 |    41 ||   108
